 Dungeon Crawl Stone Soup version 0.27.1-2-g3b301248ec (webtiles) character file.

Game seed: 4208029099092096141

11293 Urokeeper the Spear-Bearer (level 11, -7/101 HPs)
             Began as a Minotaur Berserker on Sept 28, 2021.
             Was a High Priest of Trog.
             Shot with an arrow by Nessos (18 damage)
             ... on level 12 of the Dungeon.
             The game lasted 01:01:51 (12243 turns).

Urokeeper the Spear-Bearer (Minotaur Berserker)    Turns: 12243, Time: 01:01:51

Health: -7/101     AC: 14    Str: 24    XL:     11   Next: 47%
Magic:  10/10      EV: 23    Int:  4    God:    Trog [*****.]
Gold:   1207       SH:  0    Dex: 11    Spells: 10/10 levels left

rFire    . . .     SeeInvis .   n - +3 bardiche (protect)
rCold    . . .     Faith    .   (shield currently unavailable)
rNeg     . . .     Spirit   .   I - +0 plate armour
rPois    .         Reflect  .   (helmet restricted)
rElec    .         Harm     .   (no cloak)
rCorr    .         Rampage  .   (no gloves)
Will     ++...                  (no boots)
Stlth    ..........             K - amulet of the acrobat
HPRegen  1.26/turn              s - +4 ring of slaying
MPRegen  0.12/turn              (no ring)

@: lethally poisoned (-7 -> -19), strong-willed, on berserk cooldown, acrobatic,
regenerating, slowed, very slow
A: horns 2, retaliatory headbutt
a: Renounce Religion, Berserk, Trog's Hand, Brothers in Arms


You were on level 12 of the Dungeon.
You worshipped Trog.
Trog was extremely pleased with you.
You visited 1 branch of the dungeon, and saw 12 of its levels.

You collected 1319 gold pieces.
You spent 112 gold pieces at shops.

Inventory:

Hand Weapons
 n - a +3 bardiche of protection (weapon)
 r - a +0 antimagic flail
 B - a +4 great sword
 C - a +6 halberd
 D - a +4 trident of protection
 O - a +1 spear of flaming
Missiles
 b - 5 curare-tipped darts
 k - 14 boomerangs
 o - a throwing net
 q - 68 poisoned darts (quivered)
Armour
 w - a +0 troll leather armour
 x - a +0 kite shield
 I - a +0 plate armour (worn)
Magical Staves
 A - a staff of conjuration
 E - a staff of death
Jewellery
 a - a ring of magical power
 s - a +4 ring of slaying (left hand)
 K - an amulet of the acrobat (around neck)
 M - a ring of see invisible
Wands
 y - a wand of flame (23)
 G - a wand of charming (11)
Scrolls
 c - a scroll of magic mapping
 d - 2 scrolls of noise
 e - 4 scrolls of fog
 i - 6 scrolls of teleportation
 m - a scroll of amnesia {unknown}
 z - a scroll of enchant armour {unknown}
 F - 2 scrolls of silence {unknown}
 H - 3 scrolls of vulnerability {unknown}
Potions
 f - 2 potions of berserk rage {unknown}
 g - 3 potions of brilliance {unknown}
 j - 2 potions of curing {unknown}
 l - a potion of degeneration
 t - 2 potions of lignification {unknown}
 u - 2 potions of attraction {unknown}
 v - 4 potions of heal wounds {unknown}
 J - a potion of mutation {unknown}
 P - a potion of flight {unknown}
Miscellaneous
 L - a phial of floods (inert)


   Skills:
 + Level 10.6 Fighting
 + Level 14.4 Polearms
 + Level 3.5 Throwing
 + Level 10.7 Armour
 + Level 4.5 Dodging
 + Level 2.1 Stealth
 + Level 0.4 Shields
 + Level 1.1 Evocations


You had 10 spell levels left.
You didn't know any spells.
Your spell library was empty.

Dungeon Overview and Level Annotations

Branches:
Dungeon (12/15)            Temple (0/1) D:7            Lair (0/6) D:9
    Orc: D:9-12

Altars:
Dithmenos
Elyvilon
Makhleb
Nemelex Xobeh
Qazlal
Trog
Uskayaw
Vehumet
Wu Jian
Yredelemnul
The Shining One

Shops:
D:7 [?[

Annotations:
D:12 Nessos


Innate Abilities, Weirdness & Mutations

You have a pair of horns on your head.
You reflexively headbutt those who attack you in melee.


Message History

You feel strong-willed.
You feel sick.
A red film seems to cover your vision as you go berserk!
You feel yourself moving faster!
You feel mighty!
You feel sick.
Nessos blinks!
Nessos shoots an arrow.
The arrow hits you! The arrow burns you!
You are more poisoned.
You feel a strong urge to attack something.
You feel very sick.
The orc wizard gestures wildly while chanting.
The orc wizard flickers and vanishes!
Deactivating autopickup; reactivate with Ctrl-A.
Nessos shoots an arrow.
The arrow hits you! The arrow burns you.
You are more poisoned.
You are too injured to fight recklessly!
You are too injured to fight recklessly!
Reach: n) +3 bardiche (protect)
Press: ? - help, Dir - move target, f - Nessos
Aim: Nessos, wielding a +1 longbow of flaming, wearing a +2 barding of flying and quivering arrows (about 23% to evade your +3 bardiche of protection)
Okay, then.
You feel extremely sick.
Nessos shoots an arrow.
The arrow misses you.
You feel your anger nearly subside.
You feel very sick.
You are no longer berserk.
You are exhausted.
You feel yourself slow down.
You feel very sick.
You feel extremely sick.
Nessos shoots an arrow.
The arrow hits you!
* * * LOW HITPOINT WARNING * * *
The arrow burns you.
You are more poisoned.
* * * LOW HITPOINT WARNING * * *
Nessos shoots an arrow.
The arrow misses you. The orc wizard casts a spell at you.
The puff of flame misses you.
* * * LOW HITPOINT WARNING * * *
You feel extremely sick.
Nessos shoots an arrow.
The arrow hits you!!
You die...

+## ..# #.# #.#
####.#### ###...@<..#
#......(.<#
#c#.......#
###.#..<....#
#.c.#.......#
#.###.......# +.#
#..o......#
.....$...............
^........##..........


You could see Nessos and an orc wizard.

Vanquished Creatures
  A hydra (D:11)
  Erolcha (D:9)
  A two-headed ogre (D:10)
  Sonja (D:10)
  A cyclops (D:11)
  A kobold demonologist (D:11)
  A troll (D:10)
  Sigmund (D:4)
  2 vampires (D:11)
  3 basilisks (D:9)
  9 yaks
  A steam dragon (D:9)
  A vampire mosquito (D:8)
  Menkaure (D:7)
  An acid dragon (D:10)
  4 water moccasins (D:9)
  4 orc warriors
  An ice beast (D:8)
  2 sky beasts
  2 ogres (D:4)
  9 centaurs
  A phantom (D:7)
  5 kobold brigands
  4 bullfrogs
  4 gnoll sergeants
  2 scorpions
  2 water moccasin zombies (D:5)
  A wyvern skeleton (D:6)
  A water moccasin skeleton (D:5)
  3 killer bees (D:9)
  3 wights (D:7)
  3 howler monkeys
  4 centaur zombies
  A bullfrog zombie (D:6)
  6 hounds
  A jelly (D:4)
  A bullfrog skeleton (D:4)
  A gnoll shaman (D:4)
  5 orc priests
  A centaur skeleton (D:6)
  7 orc wizards
  4 iguanas
  2 killer bee zombies
  3 howler monkey zombies
  17 gnolls
  6 adders
  2 shadow imps (D:6)
  A white imp (D:5)
  2 ufetubi (D:6)
  2 worms (D:2)
  A dart slug (D:4)
  28 orcs
  5 ball pythons
  10 endoplasms
  4 giant cockroaches
  13 goblins
  8 hobgoblins
  3 quokkas
  A bat (D:3)
  4 frilled lizards
  24 kobolds
  5 rats
249 creatures vanquished.

Vanquished Creatures (collateral kills)
  A wyvern (D:9)
  2 wights (D:7)
  A gnoll (D:7)
  An orc (D:7)
5 creatures vanquished.

Vanquished Creatures (others)
  A quokka (D:10)
  A fungus (D:9)
  12 plants
14 creatures vanquished.

Grand Total: 268 creatures vanquished

Notes
Turn   | Place    | Note
-------+----------+-------------------------------------------
     0 | D:1      | Urokeeper the Minotaur Berserker began the quest for the
                  | Orb.
     0 | D:1      | Reached XP level 1. HP: 19/19 MP: 0/0
     2 | D:1      | You fall into a shaft and drop 1 floor!
    19 | D:2      | Reached skill level 4 in Polearms
    19 | D:2      | Reached XP level 2. HP: 5/27 MP: 1/1
   883 | D:1      | Reached XP level 3. HP: 23/33 MP: 2/2
  1647 | D:2      | Reached ** piety under Trog
  2130 | D:2      | Found a faded altar of an unknown god.
  2355 | D:3      | Reached XP level 4. HP: 38/41 MP: 3/3
  2499 | D:3      | Found a burning altar of Makhleb.
  2552 | D:3      | Reached skill level 1 in Throwing
  2754 | D:3      | Reached skill level 5 in Polearms
  2833 | D:3      | Found a stormy altar of Qazlal.
  2893 | D:3      | Noticed a sky beast
  2900 | D:3      | Killed a sky beast
  2901 | D:3      | Reached skill level 1 in Stealth
  2901 | D:3      | Reached XP level 5. HP: 47/47 MP: 4/4
  3161 | D:4      | Reached XP level 6. HP: 45/55 MP: 5/5
  3285 | D:4      | Reached skill level 5 in Fighting
  3285 | D:4      | Reached skill level 6 in Polearms
  3338 | D:4      | Reached *** piety under Trog
  3620 | D:4      | Reached XP level 7. HP: 53/61 MP: 6/6
  4060 | D:4      | Reached skill level 7 in Polearms
  4084 | D:4      | Noticed Sigmund
  4093 | D:4      | Killed Sigmund
  4353 | D:5      | Entered Level 5 of the Dungeon
  4449 | D:5      | Reached skill level 8 in Polearms
  4839 | D:5      | Reached XP level 8. HP: 70/70 MP: 7/7
  4873 | D:5      | Reached **** piety under Trog
  5123 | D:5      | Reached skill level 5 in Armour
  5458 | D:5      | Identified a scroll of acquirement
  5586 | D:6      | Found a bloodstained altar of Trog.
  5597 | D:6      | Found a glowing golden altar of the Shining One.
  5651 | D:6      | Reached skill level 9 in Polearms
  6682 | D:7      | Noticed Menkaure
  6699 | D:7      | Killed Menkaure
  6700 | D:7      | Reached XP level 9. HP: 40/79 MP: 8/8
  6911 | D:7      | Reached skill level 10 in Polearms
  7262 | D:7      | Found Jeabbukh's Magic Scroll Boutique.
  7297 | D:7      | Found Goluul's Antique Armour Shop.
  7354 | D:7      | Bought a scroll of enchant weapon for 112 gold pieces
  7427 | D:7      | Found a staircase to the Ecumenical Temple.
  7498 | D:7      | Found Axaz's Antique Armour Shop.
  7860 | D:8      | Reached skill level 11 in Polearms
  8052 | D:8      | Reached ***** piety under Trog
  8355 | D:8      | Found a basalt altar of Yredelemnul.
  8613 | D:9      | Reached XP level 10. HP: 73/90 MP: 9/9
  8758 | D:9      | Reached skill level 12 in Polearms
  8837 | D:9      | HP: 3/90 [yak (5)]
  8837 | D:9      | HP: 1/90 [yak (2)]
  9136 | D:9      | Found a staircase to the Lair.
  9195 | D:9      | Noticed Erolcha
  9204 | D:9      | Killed Erolcha
  9302 | D:9      | Reached skill level 13 in Polearms
  9697 | D:9      | Found an ornate altar of the Wu Jian Council.
  9745 | D:9      | Acquired 716 gold pieces
  9749 | D:9      | Acquired a +3 bardiche of protection
  9791 | D:10     | Entered Level 10 of the Dungeon
  9824 | D:10     | Found a radiant altar of Vehumet.
  9885 | D:10     | Found a sparkling altar of Nemelex Xobeh.
  9896 | D:10     | Found a shadowy altar of Dithmenos.
 10189 | D:10     | Noticed Sonja
 10202 | D:10     | Killed Sonja
 10203 | D:10     | Reached skill level 10 in Armour
 10477 | D:10     | Reached skill level 10 in Fighting
 10477 | D:10     | Reached XP level 11. HP: 96/99 MP: 10/10
 10649 | D:10     | Found a white marble altar of Elyvilon.
 10669 | D:10     | Noticed a two-headed ogre
 10678 | D:10     | Killed a two-headed ogre
 10790 | D:10     | Noticed a +0 spear
 10791 | D:10     | Noticed a +0 dagger
 10791 | D:10     | Noticed a +0 spear
 10842 | D:10     | Noticed a +0 dagger
 10842 | D:10     | Noticed a +0 short sword
 10842 | D:10     | Noticed a +0 short sword
 10842 | D:10     | Noticed a +0 falchion
 10844 | D:10     | Noticed a +0 falchion
 10852 | D:10     | Found a hide-covered altar of Uskayaw.
 11264 | D:11     | Noticed a six-headed hydra
 11274 | D:11     | Killed a ten-headed hydra
 11280 | D:11     | Reached skill level 14 in Polearms
 11535 | D:11     | Reached skill level 1 in Evocations
 12228 | D:12     | Noticed Nessos
 12243 | D:12     | Shot with an arrow by Nessos

Illustrated notes

Levels and vault maps discovered:
D:1:      scummos_arrival_forest, layout_loops_corners, minmay_octomino_c4
D:2:      layout_basic, shapermc_ecumenical_altar_flowoftime, grunt_ministairs_4
D:3:      layout_basic, lemuel_crystal_altar, grunt_qazlal_sundering
D:4:      wad_lake_hut, layout_gridville, uniq_sigmund
D:5:      layout_basic, kennysheep_minor_cross, grunt_ministairs_7
D:6:      layout_basic, minitemple
D:7:      layout_rooms, minmay_temple_entry_fiery, serial_shops,
          nicolae_diamond_shop, nicolae_shop_waterfront, shop, uniq_menkaure
D:8:      layout_gridville, lemuel_zombie_altar_yredelemnul, st_stairs_14
D:9:      layout_loops_cross, nicolae_wu_jian_immortal_techniques,
          minmay_lair_entry_grove, uniq_erolcha
D:10:     layout_roguey, nicolae_uskayaw_en_pointe, elyvilon_altar_4,
          overflow_temple_1_default, mainiacjoe_overflow_catwalk_spiral,
          uniq_sonja
D:11:     layout_roguey
D:12:     layout_roguey [special_room_orc], erik_orc_4, uniq_psyche,
          uniq_maurice, uniq_nessos

Skill      XL: |  1  2  3  4  5  6  7  8  9 10 11 |
---------------+----------------------------------+-----
Fighting       | 4 5 7 8 10 | 10.6
Polearms       | 4 5 6 8 9 11 13 14 | 14.4
Throwing       | 1 2 3 |  3.5
Stealth        | 1 2 |  2.1
Armour         | 3 4 6 8 10 | 10.7
Dodging        | 3 4 |  4.5
Evocations     | 1 |  1.1
Shields        | |  0.4

Action                   |  1- 3 |  4- 6 |  7- 9 | 10-12 || total
-------------------------+-------+-------+-------+-------++-------
Melee: Spear             |    98 |   100 |       |       ||   198
       Headbutt          |    12 |    21 |    41 |    32 ||   106
       Trident           |       |    15 |   113 |    80 ||   208
       Scythe            |       |       |   129 |       ||   129
       Halberd           |       |       |    20 |       ||    20
       Bardiche          |       |       |       |   115 ||   115
Throw: Boomerang         |     7 |    17 |       |       ||    24
       Throwing net      |       |     1 |       |       ||     1
       Dart              |       |     4 |    14 |       ||    18
Invok: Berserk           |       |     1 |     4 |     7 ||    12
       Trog's Hand       |       |       |     3 |     5 ||     8
       Brothers in Arms  |       |       |     1 |     2 ||     3
Evoke: Phial of floods   |       |       |       |     1 ||     1
  Use: Scroll            |       |       |     7 |     5 ||    12
       Potion            |       |       |       |     1 ||     1
 Stab: Sleeping          |       |     1 |       |       ||     1
       Distracted        |       |       |     1 |       ||     1
Armor: Animal skin       |     9 |     1 |       |       ||    10
       Scale mail        |       |     5 |       |       ||     5
       Chain mail        |       |    23 |   105 |       ||   128
       Plate armour      |       |       |    13 |   138 ||   151
Dodge: Dodged            |    19 |    36 |   116 |    72 ||   243
Block: Kite shield       |       |       |     4 |       ||     4
